 Dungeon Crawl Stone Soup version 0.24.1-1-gd1d2a07e1b (webtiles) character file.

Game seed: 9450076884792317658, levelgen mode: deterministic

135872 1994 the Lord of Darkness (level 16, -14/126 HPs)
             Began as a Mummy Necromancer on Apr 11, 2020.
             Was the Champion of Kikubaaqudgha.
             Demolished by Donald
             ... wielding a +0 long sword of slicing
              (37 damage)
             ... on level 3 of the Shoals.
             The game lasted 02:41:08 (41481 turns).

1994 the Lord of Darkness (Mummy Necromancer)      Turns: 41481, Time: 02:41:09

Health: -14/126    AC: 21    Str:  9    XL:     16   Next: 65%
Magic:  13/34      EV: 15    Int: 23    God:    Kikubaaqudgha [******]
Gold:   2962       SH: 12    Dex: 12    Spells: 10/43 levels left

rFire    . . .     SeeInvis +   a - +6 demon trident (pain)
rCold    + . .     Gourm    .   Q - +0 shield
rNeg     + + +     Faith    .   C - +4 ring mail {rF+}
rPois    ∞         Spirit   .   l - +0 helmet {SInv}
rElec    +         Reflect  +   j - +0 cloak
rCorr    .         Harm     .   T - +2 pair of gloves
MR       +++..                  g - +4 pair of boots "Esung" {rElec}
Stlth    +++.......             r - amulet of Cixzafy {Reflect rElec Str-3 Int+2 SH+3}
HPRegen  0.31/turn              U - +4 ring of evasion
MPRegen  0.24/turn              q - ring of protection from magic

@: death channel
A: no food or potions, fire vulnerability, cold resistance 1, negative energy
resistance 3, torment resistance, unbreathing, in touch with death 1
a: Receive Corpses, Torment, Renounce Religion


You were on level 3 of the Shoals.
You worshipped Kikubaaqudgha.
Kikubaaqudgha was exalted by your worship.
You were not hungry.

You visited 5 branches of the dungeon, and saw 28 of its levels.
You also visited: Gauntlet and Volcano.

You collected 3457 gold pieces.
You spent 495 gold pieces at shops.

Inventory:

Hand Weapons
 a - a +6 demon trident of pain (weapon)
 b - the +10 dagger "Cukledd" {pierce, rF+ Int+4 Stlth+}
   (You took it off an orc on level 15 of the Dungeon)

   It inflicts extra damage upon your enemies.
   It affects your intelligence (+4).
   It protects you from fire.
   It makes you more stealthy.
 w - a +6 trident of protection
 L - a +3 spear of venom
Missiles
 h - 128 poisoned darts (quivered)
 W - 5 throwing nets
Armour
 g - the +4 pair of boots "Esung" (worn) {rElec}
   (You acquired it on level 14 of the Dungeon)

   It insulates you from electricity.
 j - a +0 cloak (worn)
 l - a +0 helmet of see invisible (worn)
 s - a +3 troll leather armour {Snorg}
 C - a +4 ring mail of fire resistance (worn)
 G - the +3 hat of Pondering {ponderous, MR+ MP+10 Int+5}
   (You took it off Gastronok on level 8 of the Dungeon)

   It affects your intelligence (+5).
   It affects your resistance to hostile enchantments.
   It affects your magic capacity (+10).
 Q - a +0 shield (worn)
 T - a +2 pair of gloves (worn)
 X - a +1 ring mail of cold resistance
Magical Staves
 M - an uncursed staff of energy
Jewellery
 q - a ring of protection from magic (right hand)
 r - the amulet of Cixzafy (around neck) {Reflect rElec Str-3 Int+2 SH+3}
   (You found it in a Gauntlet)

   [amulet of reflection]

   It shields you and reflects attacks.
   It affects your strength (-3).
   It affects your intelligence (+2).
   It insulates you from electricity.
   It affects your SH (+3).
 u - an uncursed ring of ice
 v - an uncursed amulet of magic regeneration
 x - a +3 ring of slaying
 z - the amulet of the Air {Inacc +Fly rElec EV+5 RMsl}
   (You found it on level 6 of the Dungeon)

   [amulet of inaccuracy]

   It reduces the accuracy of all your attacks.
   It affects your evasion (+5).
   It insulates you from electricity.
   It lets you fly.
   It protects you from missiles.
 I - a +3 ring of intelligence
 J - an uncursed ring of wizardry
 K - an uncursed ring of fire
 R - an uncursed ring of fire
 U - a +4 ring of evasion (left hand)
Wands
 c - a wand of digging (6)
 d - a wand of paralysis (10)
 k - a wand of clouds (5)
 n - a wand of polymorph (16)
 A - a wand of random effects (66)
 B - a wand of acid (12)
 E - a wand of flame (33)
 Y - a wand of iceblast (32)
 Z - a wand of disintegration (44)
Scrolls
 e - 3 scrolls of amnesia
 f - 8 scrolls of magic mapping
 i - 4 scrolls of fear
 m - 4 scrolls of identify
 o - 7 scrolls of blinking
 t - 10 scrolls of enchant armour
 y - 2 scrolls of silence
 D - a scroll of summoning
 F - 2 scrolls of remove curse
 H - a scroll of fog
 O - 7 scrolls of immolation
 P - 5 scrolls of enchant weapon
 S - 4 scrolls of teleportation
 V - a scroll of torment
Miscellaneous
 p - a lamp of fire
 N - 4 sacks of spiders


   Skills:
 + Level 11.5 Fighting
 + Level 10.6 Polearms
 - Level 4.9 Armour
 - Level 6.6 Dodging
 - Level 6.4 Stealth
 * Level 7.0 Shields
 - Level 14.0 Spellcasting
 - Level 6.0 Charms
 + Level 14.8 Necromancy
 - Level 6.0 Earth Magic


You had 10 spell levels left.
You knew the following spells:

 Your Spells              Type           Power        Failure   Level  Hunger
a - Pain                  Necr           ####         1%          1    N/A
b - Animate Skeleton      Necr           N/A          1%          1    N/A
c - Vampiric Draining     Necr           #######...   1%          3    N/A
d - Animate Dead          Necr           N/A          1%          4    N/A
e - Corpse Rot            Necr           N/A          1%          2    N/A
f - Dispel Undead         Necr           #######.     1%          5    N/A
g - Borgnjor's Vile Clut  Necr/Erth      #######...   10%         5    N/A
h - Excruciating Wounds   Chrm/Necr      #######...   10%         5    N/A
i - Apportation           Tloc           ###...       26%         1    N/A
j - Death Channel         Necr           #######...   9%          6    N/A

Your spell library contained the following spells:

 Spells                   Type           Power        Failure   Level  Hunger
 Corona                   Hex            ###....      26%         1    N/A
 Summon Butterflies       Summ           ###.....     26%         1    N/A
 Summon Small Mammal      Summ           ###.         26%         1    N/A
 Call Imp                 Summ           ###.....     36%         2    N/A
 Slow                     Hex            ###.....     36%         2    N/A
 Leda's Liquefaction      Hex/Erth       ####......   58%         4    N/A
 Call Canine Familiar     Summ           ###.....     61%         3    N/A
 Inner Flame              Hex/Fire       ###.....     61%         3    N/A
 Lesser Beckoning         Tloc           ###.......   61%         3    N/A
 Portal Projectile        Hex/Tloc       ###...       61%         3    N/A
 Summon Guardian Golem    Hex/Summ       ###.....     61%         3    N/A
 Tukima's Dance           Hex            ###.....     61%         3    N/A
 Cause Fear               Hex            ###.......   95%         4    N/A
 Summon Ice Beast         Ice/Summ       ###.....     95%         4    N/A
 Summon Lightning Spire   Summ/Air       ###.....     95%         4    N/A
 Infestation              Necr           #######...   98%         8    N/A
 Alistair's Intoxication  Tmut/Pois      ###.....     100%        5    N/A
 Invisibility             Hex            ###.....     100%        6    N/A
 Haunt                    Necr/Summ      ######....   100%        7    N/A
 Regeneration             Chrm/Necr      Unusable     N/A         3    N/A
 Borgnjor's Revivificati  Necr           Unusable     N/A         8    N/A
 Death's Door             Chrm/Necr      Unusable     N/A         8    N/A
 Necromutation            Tmut/Necr      Unusable     N/A         8    N/A

Dungeon Overview and Level Annotations

Branches:
Dungeon (15/15)            Temple (1/1) D:7            Lair (6/6) D:9
 Shoals (4/4) Lair:4       Spider (0/4) Lair:2        Slime (0/5) Lair:5
    Orc (2/2) D:12            Elf (0/3) Orc:2        Vaults (0/5) D:13
 Depths (0/5) D:15        Volcano (visited)         Gauntlet (visited)

Altars:
Ashenzari
Cheibriados
Dithmenos
Elyvilon
Fedhas
Gozag
Hepliaklqana
Kikubaaqudgha
Makhleb
Nemelex Xobeh
Okawaru
Qazlal
Ru
Sif Muna
Trog
Uskayaw
Vehumet
Wu Jian
Xom
Yredelemnul
Zin
The Shining One
Beogh
Jiyva

Shops:
D:7 %   Orc:2 [([(=

Annotations:
Lair:5 3 runed translucent doors, Neeruiv's ghost, journeyman GrEE
Shoals:2 5 transporters
Shoals:3 Donald


Innate Abilities, Weirdness & Mutations

You do not eat or drink.
Your flesh is vulnerable to fire.
You are immune to poison.
Your flesh is cold resistant. (rC+)
You are immune to negative energy. (rN+++)
You are immune to unholy pain and torment.
You can survive without breathing.
You are in touch with the powers of death.


Message History

Unknown command.
Unknown command.
Unknown command.
Casting: Borgnjor's Vile Clutch (slightly dangerous; 10% risk of failure)
Confirm with . or Enter, or press ? or * to list all spells.
Aiming: Vampiric Draining (safe; 1% risk of failure)
Press: ? - help, Shift-Dir - straight line, f - Donald
Aim: Donald, wielding a +0 long sword of slicing, wearing a +0 chain mail and wearing a +0 shield of reflection (heavily wounded, fast, unusually strong, constricted by zombie hands)
You feel a surge of power!
Donald is severely wounded.
You feel life coursing into your body.
The zombie hands constrict the faun.
You kill the faun!
Kikubaaqudgha accepts your kill.
The zombie hands constrict Donald!
Donald hits you with a +0 long sword of slicing!!
* * * LOW HITPOINT WARNING * * *
x2 A glowing mist starts to gather...
Donald hits you with a +0 long sword of slicing!!!
You die...
Kikubaaqudgha rasps: "You have failed me!
Welcome... oblivion!"

≈≈≈≈≈≈≈≈≈≈≈≈≈≈≈≈≈≈≈≈≈≈≈≈ ≈≈
≈≈≈≈≈≈≈≈≈≈≈≈≈≈≈≈≈≈≈≈≈≈≈≈ ≈≈
≈≈≈≈≈≈≈≈≈≈≈≈≈≈≈≈≈≈≈≈≈≈≈≈ ≈≈
≈≈≈≈≈≈≈≈≈≈≈≈≈..≈≈≈≈≈≈≈≈≈ ≈≈
≈≈≈≈≈≈≈≈≈≈≈≈..#Z.≈≈≈≈≈≈≈ ≈≈
≈≈≈≈≈≈≈≈≈≈...###.≈≈≈≈≈≈≈ ≈≈
≈≈≈≈≈≈≈.....## #.≈≈≈≈≈≈≈ ≈≈
≈≈≈≈≈≈≈.########.≈≈≈≈≈≈≈ ≈≈
≈≈≈≈≈≈≈.# ##@...≈≈≈≈≈≈≈≈ ≈≈
≈≈≈≈≈≈≈.###).@..≈≈≈≈≈≈≈≈ ≈≈
≈≈≈≈≈≈≈..###Z..≈≈≈≈≈≈≈≈≈ ≈≈
≈≈≈≈≈≈≈≈.# ###.≈≈≈≈≈≈≈≈≈ ≈≈
≈≈≈≈≈≈≈≈.# ##.≈≈≈≈≈≈≈≈≈ ≈≈
≈≈≈≈≈≈≈≈.# #...≈≈≈≈≈≈≈≈≈≈≈≈≈
≈≈≈≈≈≈≈≈≈.####..≈≈≈≈≈≈≈≈≈≈≈≈≈≈
≈≈≈≈≈≈≈≈≈..#...≈≈≈≈≈≈≈≈≈ ≈≈≈≈≈
≈≈≈≈≈≈≈≈≈..###.≈≈≈≈≈≈≈≈≈≈≈≈≈≈≈


You could see Donald and a friendly spectral faun.

Vanquished Creatures
  Saint Roka (Orc:2)
  Kirke (Lair:6)
  Gastronok (D:8)
  An orc warlord (Orc:1)
  Snorg (D:14)
  An ogre mage (D:15)
  7 hydras
  The ghost of Unan the Covered, a journeyman DsSk of Sif Muna (D:11)
  Erolcha (D:13)
  3 merfolk avatars
  3 centaur warriors
  5 vault guards (D:13)
  An alligator snapping turtle (Shoals:4)
  3 merfolk aquamancers (Shoals:4)
  6 two-headed ogres
  A tengu warrior (D:15)
  3 death yaks (D:8)
  An orc high priest (Orc:2)
  Nergalle (Orc:1)
  7 skeletal warriors
  7 sea snakes
  4 wizards
  5 unseen horrors
  An anaconda skeleton (Volcano)
  A lindwurm (Lair:6)
  A wolf spider (Lair:2)
  A deep elf mage (D:15)
  5 harpies (Shoals:3)
  7 ugly things
  2 orc knights
  3 orc sorcerers (Orc:2)
  3 manticores
  2 cyclopes
  3 oklob plants (Lair:1)
  10 fauns
  3 elephants (Lair:4)
  4 black mambas
  3 torpor snails (Lair:6)
  5 merfolk sirens
  9 spiny frogs
  A minotaur zombie (Gauntlet)
  3 rime drakes
  2 komodo dragons
  7 gargoyles
  2 kobold demonologists (D:15)
  2 tengu conjurers (D:15)
  A freezing wraith (D:15)
  A jumping spider (Lair:2)
  10 trolls
  3 polar bears
  3 meliai (D:14)
  5 wind drakes
  11 merfolk
  6 hornets (Lair:6)
  2 large abominations (Gauntlet)
  2 tyrant leeches (Lair:6)
  11 hippogriffs
  6 blink frogs
  3 slime creatures (D:14)
  3 snapping turtles
  6 dream sheep
  3 spriggans
  3 shadows
  A centaur simulacrum (D:14)
  Sigmund (D:5)
  2 flying skulls (Volcano)
  15 yaks
  7 water elementals
  A redback (Lair:2)
  3 alligator skeletons (Volcano)
  3 wyverns
  A ynoxinul (Gauntlet)
  A hog (Lair:6)
  3 wraiths
  2 basilisks
  4 small abominations (Gauntlet)
  8 humans
  3 hungry ghosts
  2 steam dragons (Shoals:1)
  6 vampire mosquitoes
  A harpy simulacrum (D:15)
  Menkaure (D:4)
  5 wargs
  Duvessa (D:7)
  13 water moccasins
  7 porcupines
  A hornet zombie (D:15)
  5 ice beasts
  3 sky beasts
  3 black bears
  A phantom (D:8)
  28 orc warriors
  A necrophage (D:14)
  11 ogres
  8 centaurs
  4 boggarts (D:15)
  An eye of draining (D:15)
  21 wolves
  10 crocodiles
  7 big kobolds
  16 bullfrogs
  Dowan (D:7)
  A wyvern skeleton (D:12)
  2 scorpions
  5 killer bees (D:11)
  2 spriggan skeletons (Volcano)
  2 wights (D:14)
  4 electric eels
  3 troll skeletons (Volcano)
  7 crimson imps
  3 bullfrog zombies
  5 howler monkeys
  4 centaur zombies
  2 hounds
  4 jellies
  34 orc priests
  3 centaur skeletons
  31 orc wizards
  6 iguanas
  2 iron imps (Gauntlet)
  3 bullfrog skeletons
  A hell rat (Lair:2)
  8 worker ants
  2 naga skeletons (Volcano)
  Robin (D:2)
  5 gnolls
  12 adders
  6 river rats (Lair:2)
  3 shadow imps
  2 oozes (D:4)
  An adder zombie (D:8)
  3 worms
  A dart slug (D:4)
  4 leopard geckos
  111 orcs
  7 bats
  4 giant cockroaches
  17 goblins
  10 hobgoblins
  7 jackals
  6 quokkas
  5 frilled lizards
  A giant cockroach zombie (D:6)
  23 kobolds
  A quokka skeleton (D:6)
  5 rats
  13 plants
818 creatures vanquished.

Vanquished Creatures (collateral kills)
  A minotaur (Gauntlet)
  A merfolk javelineer (Shoals:4)
  Josephine (D:10)
  3 merfolk impalers
  A vault guard (D:13)
  2 hydras
  An ice dragon (Lair:6)
  A two-headed ogre (D:10)
  A satyr (Shoals:1)
  A skeletal warrior (D:14)
  A wretched star (Gauntlet)
  5 sea snakes
  3 harpies (Shoals:2)
  13 fauns
  4 cyclopes
  A water nymph (Shoals:2)
  2 elephants (Lair:4)
  7 manticores
  3 spiny frogs
  2 torpor snails (Lair:6)
  2 black mambas
  A minotaur zombie (Gauntlet)
  A rime drake (Lair:2)
  6 merfolk
  Grinder (D:5)
  2 tyrant leeches (Lair:6)
  2 hornets (Lair:6)
  2 wind drakes
  6 dream sheep
  A hippogriff (Lair:4)
  3 blink frogs
  14 yaks
  A spriggan (Lair:6)
  2 water elementals (Shoals:4)
  2 wraiths (D:10)
  A wyvern (D:12)
  A hog (Lair:6)
  A basilisk (Lair:4)
  Grum (D:9)
  A hungry ghost (D:7)
  2 wargs (Orc:1)
  5 water moccasins
  A water moccasin (shapeshifter) (D:15)
  A porcupine (Lair:3)
  3 orc warriors
  An ice beast (D:15)
  A black bear (D:10)
  An ogre (Orc:1)
  3 centaurs (D:15)
  4 wolves
  5 crocodiles
  A wyvern zombie (D:11)
  A gnoll sergeant (D:9)
  2 bullfrogs
  2 wights (D:14)
  An orc priest (Orc:1)
  2 bullfrog skeletons
  A hell rat (Lair:2)
  An orc wizard (Orc:1)
  A worker ant zombie (D:11)
  A gnoll (D:6)
  4 river rats
  2 shadow imps
  An ooze (D:1)
  A dart slug (D:2)
  7 orcs
  A jackal (D:7)
  2 goblins (D:1)
  A fungus (Lair:3)
  9 plants
173 creatures vanquished.

Vanquished Creatures (others)
  A satyr (Shoals:2)
  A two-headed ogre (D:15)
  A rime drake (Shoals:1)
  A merfolk (Shoals:1)
  A flying skull (Volcano)
  A centaur (Shoals:2)
  An orc (Orc:2)
  2 fungi
  29 plants
38 creatures vanquished.

Grand Total: 1029 creatures vanquished

Notes
Turn   | Place    | Note
-------+----------+-------------------------------------------
     0 | D:1      | 1994 the Mummy Necromancer began the quest for the Orb.
     0 | D:1      | Reached XP level 1. HP: 13/13 MP: 4/4
   278 | D:1      | Learned a level 1 spell: Animate Skeleton
   676 | D:1      | Reached XP level 2. HP: 20/20 MP: 1/6
  1524 | D:2      | Reached skill level 1 in Fighting
  1524 | D:2      | Reached XP level 3. HP: 26/26 MP: 4/8
  1545 | D:1      | Learned a level 3 spell: Vampiric Draining
  1932 | D:2      | Noticed Robin
  2055 | D:2      | Killed Robin
  2055 | D:2      | Reached XP level 4. HP: 32/32 MP: 3/9
  2809 | D:3      | Reached skill level 5 in Necromancy
  2930 | D:3      | Reached XP level 5. HP: 38/38 MP: 8/11
  3321 | D:3      | Learned a level 4 spell: Animate Dead
  3865 | D:4      | Noticed Menkaure
  3980 | D:4      | Reached skill level 5 in Spellcasting
  4182 | D:4      | Reached XP level 6. HP: 44/44 MP: 8/13
  5220 | D:5      | Entered Level 5 of the Dungeon
  5352 | D:5      | Noticed Grinder
  5418 | D:5      | Reached XP level 7. HP: 51/51 MP: 14/16
  5639 | D:5      | Noticed Sigmund
  5726 | D:5      | Found a stormy altar of Qazlal.
  5806 | D:5      | Paralysed by Grinder for 5 turns
  5823 | D:5      | Killed Grinder
  5823 | D:5      | Reached skill level 1 in Shields
  6561 | D:6      | Found the amulet of the Air {Inacc +Fly rElec EV+5 RMsl}
  6807 | D:6      | Reached XP level 8. HP: 50/58 MP: 14/18
  7614 | D:7      | Found a staircase to the Ecumenical Temple.
  7620 | Temple   | Entered the Ecumenical Temple
  7735 | D:7      | Noticed a hippogriff
  7750 | D:7      | Killed a hippogriff
  8555 | D:7      | Noticed Duvessa
  8555 | D:7      | Noticed Dowan
  8685 | D:7      | Killed Duvessa
  8712 | D:7      | Killed Dowan
  8852 | D:7      | Reached XP level 9. HP: 66/66 MP: 21/21
  8948 | D:7      | Found Enlupp Ucia's Food Shop.
  9155 | D:8      | Found a shattered altar of Ashenzari.
  9519 | D:8      | Found a shadowy altar of Dithmenos.
  9530 | D:8      | Found a sacrificial altar of Ru.
  9532 | D:8      | Found an opulent altar of Gozag.
  9532 | D:8      | Found a glowing golden altar of the Shining One.
  9533 | D:8      | Found an ancient bone altar of Kikubaaqudgha.
  9533 | D:8      | Found a hide-covered altar of Uskayaw.
  9541 | D:8      | Became a worshipper of Kikubaaqudgha
  9661 | D:8      | Reached skill level 5 in Fighting
  9986 | D:8      | Noticed a two-headed ogre
 10693 | D:8      | Killed a two-headed ogre
 10769 | D:8      | Reached skill level 10 in Spellcasting
 10866 | D:8      | Reached XP level 10. HP: 66/74 MP: 12/24
 10932 | D:8      | Reached * piety under Kikubaaqudgha
 10932 | D:8      | Identified Kikubaaqudgha's Reference Book on Evil
                  | (Kikubaaqudgha gifted it to you on level 8 of the Dungeon)
 10932 | D:8      | Received a gift from Kikubaaqudgha
 10939 | D:8      | Learned a level 2 spell: Corpse Rot
 11271 | D:8      | Killed an unseen horror
 11307 | D:9      | Noticed a death yak
 11331 | D:9      | Noticed Gastronok
 11352 | D:8      | Killed Gastronok
 11555 | D:9      | Noticed a death yak
 11578 | D:8      | Killed a death yak
 11578 | D:8      | Reached skill level 5 in Dodging
 11578 | D:8      | Reached skill level 10 in Necromancy
 11648 | D:9      | Noticed a death yak
 11665 | D:8      | Killed a death yak
 11681 | D:8      | Killed a death yak
 11681 | D:8      | Reached XP level 11. HP: 64/83 MP: 16/26
 11956 | D:9      | Found a staircase to the Lair.
 12050 | D:9      | Found a white marble altar of Elyvilon.
 12151 | D:9      | Noticed Grum
 12160 | D:9      | Killed Grum
 12210 | D:9      | Found a basalt altar of Yredelemnul.
 12387 | D:9      | Found a hazy altar of Hepliaklqana.
 12389 | D:9      | Found a sparkling altar of Nemelex Xobeh.
 12389 | D:9      | Found an opulent altar of Gozag.
 12391 | D:9      | Found a shimmering altar of Xom.
 12391 | D:9      | Found a shimmering altar of Xom.
 12391 | D:9      | Found a glowing silver altar of Zin.
 12450 | D:10     | Entered Level 10 of the Dungeon
 12720 | D:10     | Noticed Josephine
 13059 | D:10     | Reached skill level 1 in Polearms
 13279 | D:10     | Reached ** piety under Kikubaaqudgha
 13817 | D:10     | Noticed a two-headed ogre
 13825 | D:10     | Killed a two-headed ogre
 14075 | D:10     | Killed Josephine
 14741 | D:11     | Noticed a seven-headed hydra
 15125 | D:11     | Killed a seven-headed hydra
 15337 | D:11     | Killed an unseen horror
 15362 | D:11     | Found a runed translucent gate.
 15362 | D:11     | Found a runed translucent gate.
 15362 | D:11     | Found a runed translucent gate.
 15363 | D:11     | Noticed a 12-headed hydra
 15363 | D:11     | Noticed Unan's ghost (journeyman DsSk)
 15363 | D:11     | Noticed an 11-headed hydra
 15564 | D:11     | Noticed a red ugly thing
 15649 | D:11     | Killed a red ugly thing
 16109 | Lair:1   | Entered Level 1 of the Lair of Beasts
 16212 | Lair:1   | Noticed an oklob plant
 16240 | Lair:1   | Reached *** piety under Kikubaaqudgha
 16240 | Lair:1   | Identified Kikubaaqudgha's Disquisition on Stolen Souls
                  | (Kikubaaqudgha gifted it to you on level 1 of the Lair of
                  | Beasts)
 16240 | Lair:1   | Received a gift from Kikubaaqudgha
 16248 | Lair:1   | Learned a level 5 spell: Dispel Undead
 16254 | Lair:1   | Learned a level 5 spell: Borgnjor's Vile Clutch
 16260 | Lair:1   | Learned a level 5 spell: Excruciating Wounds
 16430 | Lair:1   | Found a dark tunnel.
 16454 | Volcano  | Entered a volcano
 16458 | Volcano  | Reached XP level 12. HP: 77/91 MP: 22/28
 16977 | Volcano  | Reached skill level 1 in Charms
 16984 | Volcano  | HP: 3/91 [gargoyle/+0 mace (13)]
 17615 | Volcano  | Reached skill level 5 in Stealth
 18310 | Lair:1   | Found the +8 whip "Snakebite" {curare, rPois}
 18419 | Lair:1   | Reached skill level 1 in Armour
 19269 | Lair:2   | Reached **** piety under Kikubaaqudgha
 19270 | Lair:2   | Reached skill level 5 in Polearms
 19431 | Lair:2   | Found a hole to the Spider Nest.
 19432 | Lair:2   | Identified 3 scrolls of acquirement
 19433 | Lair:2   | Got a pair of dazzling boots
 19437 | Lair:2   | Identified the +0 pair of boots of Patience {rElec rF+ rN+}
                  | (You acquired it on level 2 of the Lair of Beasts)
 20291 | Lair:3   | Gained mutation: You are in touch with the powers of death.
                  | [Mummy growth]
 20291 | Lair:3   | Reached XP level 13. HP: 98/98 MP: 29/29
 20324 | Lair:3   | Reached ***** piety under Kikubaaqudgha
 20574 | Lair:3   | You fall into a shaft and drop 2 floors!
 21476 | Lair:4   | Reached skill level 5 in Charms
 21910 | Lair:4   | Found a staircase to the Shoals.
 22888 | Lair:5   | Noticed Neeruiv's ghost (journeyman GrEE)
 22889 | Lair:5   | Noticed a minotaur
 23019 | Lair:5   | Found a runed translucent gate.
 23019 | Lair:5   | Found a runed translucent gate.
 23020 | Lair:5   | Found a runed translucent gate.
 23069 | Lair:5   | Found a viscous altar of Jiyva.
 23069 | Lair:5   | Found a staircase to the Slime Pits.
 23573 | Lair:6   | Entered Level 6 of the Lair of Beasts
 23932 | Lair:6   | Noticed Kirke
 23951 | Lair:6   | Killed Kirke
 24673 | Lair:6   | Found a runed translucent door.
 25058 | Lair:6   | Reached XP level 14. HP: 72/108 MP: 30/30
 25618 | D:4      | Killed Menkaure
 25709 | D:5      | Killed Sigmund
 26283 | D:10     | Reached skill level 1 in Earth Magic
 26362 | D:11     | Killed Unan's ghost
 26608 | D:12     | Found a staircase to the Orcish Mines.
 27247 | D:12     | Reached ****** piety under Kikubaaqudgha
 27253 | D:12     | Received a gift from Kikubaaqudgha
 27786 | D:13     | Found a gate to the Vaults.
 27867 | D:13     | Noticed Erolcha
 27913 | D:13     | Killed Erolcha
 28309 | D:14     | Found a gate leading to a gauntlet.
 28351 | D:14     | Got a pair of pitted boots
 28352 | D:14     | Identified the +4 pair of boots "Esung" {rElec} (You
                  | acquired it on level 14 of the Dungeon)
 28373 | Gauntlet | Entered a Gauntlet
 28373 | Gauntlet | Found a transporter.
 28373 | Gauntlet | Found a transporter.
 28395 | Gauntlet | Found a transporter.
 28396 | Gauntlet | Found a transporter.
 28403 | Gauntlet | Found a transporter.
 28407 | Gauntlet | Found a transporter.
 28416 | Gauntlet | Found a transporter.
 28431 | Gauntlet | Found a transporter.
 28445 | Gauntlet | Found a transporter.
 28449 | Gauntlet | Found a transporter.
 28457 | Gauntlet | Found a transporter.
 28461 | Gauntlet | Found a transporter.
 29110 | Gauntlet | Got a translucent ruby amulet
 29113 | Gauntlet | Identified the amulet of Cixzafy {Reflect rElec Str-3 Int+2
                  | SH+3} (You found it in a Gauntlet)
 30148 | D:14     | Noticed Snorg
 30172 | D:14     | Killed Snorg
 30555 | D:14     | Found a shadowy altar of Dithmenos.
 30682 | D:14     | Reached skill level 10 in Fighting
 31132 | D:15     | Entered Level 15 of the Dungeon
 31139 | D:15     | Reached XP level 15. HP: 84/115 MP: 17/32
 31711 | D:15     | Identified the +10 dagger "Cukledd" {pierce, rF+ Int+4
                  | Stlth+}
 33190 | D:15     | Found a staircase to the Depths.
 33212 | D:15     | Reached skill level 5 in Earth Magic
 33677 | Orc:1    | Entered Level 1 of the Orcish Mines
 34366 | Orc:1    | Noticed Nergalle
 34412 | Orc:1    | Killed Nergalle
 34497 | Orc:2    | Entered Level 2 of the Orcish Mines
 34497 | Orc:2    | Noticed an orc warlord
 34519 | Orc:1    | Killed an orc warlord
 34751 | Orc:2    | Found a roughly hewn altar of Beogh.
 35033 | Orc:2    | Found Kodghuc's Jewellery Emporium.
 35039 | Orc:2    | Bought a cursed -2 ring of dexterity for 28 gold pieces
 35039 | Orc:2    | Bought a cursed ring of attention for 63 gold pieces
 35128 | Orc:2    | Found a staircase to the Elven Halls.
 35554 | Orc:2    | Noticed Saint Roka
 35721 | Orc:2    | Found Useluc's Antique Weapon Shop.
 35721 | Orc:2    | Found a roughly hewn altar of Beogh.
 35722 | Orc:2    | Found Wiakh's Antique Armour Boutique.
 35890 | Orc:2    | Found a roughly hewn altar of Beogh.
 35921 | Orc:2    | Found a roughly hewn altar of Beogh.
 35990 | Orc:2    | Found Dosharoi's Weapon Shoppe.
 36218 | Orc:2    | Found a roughly hewn altar of Beogh.
 36235 | Orc:2    | Found Tobikh's Antique Armour Boutique.
 36244 | Orc:2    | Bought a shiny helmet for 202 gold pieces
 36263 | Orc:2    | Bought a pair of embroidered gloves for 202 gold pieces
 36491 | Orc:2    | Killed Saint Roka
 36744 | Orc:2    | Found a roughly hewn altar of Beogh.
 36909 | Orc:2    | Learned a level 1 spell: Apportation
 36916 | Orc:2    | Learned a level 6 spell: Death Channel
 37421 | Shoals:1 | Entered Level 1 of the Shoals
 37431 | Shoals:1 | Reached skill level 10 in Polearms
 37672 | Shoals:1 | Reached XP level 16. HP: 111/124 MP: 12/34
 38303 | Shoals:1 | Identified the +0 plate armour of the Bells {rN+} (You
                  | acquired it on level 1 of the Shoals)
 38880 | Shoals:2 | Reached skill level 5 in Shields
 39415 | Shoals:2 | Found a transporter.
 39418 | Shoals:2 | Found a transporter.
 39432 | Shoals:2 | Found a transporter.
 39489 | Shoals:2 | Found a transporter.
 39490 | Shoals:2 | Found a transporter.
 40378 | Shoals:4 | Entered Level 4 of the Shoals
 40532 | Shoals:4 | HP: 2/125 [sea snake (16)]
 41285 | Shoals:4 | Noticed Donald
 41481 | Shoals:3 | Demolished by Donald

Levels and vault maps discovered:
D:1:      grunt_arrival_crossed_arrows, layout_basic, kennysheep_small_spiral
D:2:      layout_basic, first_ration, minmay_unequal, uniq_robin
D:3:      layout_loops_corners, grunt_decor_cap
D:4:      layout_basic, roderic_nine_men_s_morris, uniq_menkaure
D:5:      layout_cave_pools, basic_altar, uniq_sigmund, uniq_grinder
D:6:      layout_basic, grunt_ministairs_15, minmay_crystal_water,
          serial_park_tiny_2
D:7:      layout_loops_ring, minmay_temple_entry_hall, serial_shops,
          kennysheep_little_box, uniq_duvessa
D:8:      layout_loops_corners, grunt_temple_overflow_open, grunt_pizzeria,
          evilmike_ruin_ashenzari
D:9:      layout_rooms, kennysheep_ying_yang, doesnt_xom_only_xom,
          dpeg_lair_monsters, uniq_grum, uniq_gastronok
D:10:     layout_stronghold, kennysheep_diamond, uniq_josephine
D:11:     layout_grid_maze, gammafunk_ghost_hydra_chop, minmay_door_square
D:12:     layout_roguey, orc_0_dummy, kennysheep_doodads
D:13:     layout_cave_pools, ximxim_vaults_locker_room, uniq_erolcha
D:14:     layout_long_grid, nicolae_dithmenos_through_a_glass_darkly,
          gauntlet_entry_generic, minmay_alternating_orb, uniq_snorg
D:15:     grunt_enter_depths_magical_seal, layout_rooms, nicolae_wwwww,
          minmay_misc_feat_alley
Temple:   dshaligram_water_room_temple
Lair:1:   minmay_guarded_unrand_snakebite, layout_chaotic_city, enter_volcano_2,
          serial_bayou_shore_b, minmay_lair_oklob_chamber, grunt_megastairs_3,
          lemuel_fruit_tree
Lair:2:   layout_chaotic_city, spider_nest_entry_funnel_web,
          chequers_serial_rivers_micro_a, kennysheep_rathole,
          infiniplex_staircase_pool
Lair:3:   layout_gridlike
Lair:4:   layout_gridlike, elwin_shoals_entry_rooms, grunt_megastairs_5
Lair:5:   layout_gridlike, dpeg_slime_entry_enclosed_altar,
          maelrawn_ghost_gauntlet_escape
Lair:6:   wormcave, layout_regular_city, wad_woods_02,
          infiniplex_staircase_pool_2, lemuel_fruit_fields, uniq_kirke
Shoals:1: cheibrodos_shoals_oceanic_diplomacy, layout_shoals,
          nicolae_shoals_drake_roost
Shoals:2: gammafunk_the_bubble [the_bubble_gammafunk_roulette], layout_shoals
Shoals:3: layout_shoals
Shoals:4: shoals_end_grunt_garden, layout_shoals, nicolae_shoals_loop_pool,
          uniq_donald
Orc:1:    cheibrodos_orc_guarddog, layout_diamond_mine, uniq_nergalle
Orc:2:    grunt_orc_community_town_hall, layout_diamond_mine,
          grunt_orc_community_big_house_2, grunt_orc_community_big_house_2,
          grunt_orc_community_house_2, grunt_orc_community_house_1,
          grunt_orc_community_house_1, grunt_orc_community_house_1,
          grunt_orc_community_house_1, serial_shops, shop

Skill      XL: |  1  2  3  4  5  6  7  8  9 10 11 12 13 14 15 16 |
---------------+-------------------------------------------------+-----
Spellcasting   | 3 4 5 6 7 8 10 11 12 13 14 | 14.0
Fighting       | 1 2 3 4 5 6 7 8 9 10 11 | 11.5
Necromancy     | 5 6 7 9 10 11 12 13 14 | 14.8
Shields        | 2 3 4 7 |  7.0
Dodging        | 3 5 6 |  6.6
Stealth        | 4 5 6 |  6.4
Polearms       | 3 5 7 9 10 | 10.6
Charms         | 4 6 |  6.0
Armour         | 3 4 |  4.9
Earth Magic    | 4 6 |  6.0

Action                   |  1- 3 |  4- 6 |  7- 9 | 10-12 | 13-15 | 16-18 || total
-------------------------+-------+-------+-------+-------+-------+-------++-------
Melee: Dagger            |    13 |       |    26 |       |       |       ||    39
       Spear             |       |       |       |   372 |   650 |       ||  1022
       Demon trident     |       |       |       |   106 |   897 |   242 ||  1245
 Fire: Hunting sling     |       |    47 |   151 |    42 |       |       ||   240
Throw: Stone             |     2 |     1 |       |     2 |       |       ||     5
       Dart              |       |       |       |     5 |    11 |     3 ||    19
 Cast: Pain              |    67 |   120 |   258 |   150 |    25 |     3 ||   623
       Animate Skeleton  |    13 |     2 |       |     3 |       |       ||    18
       Animate Dead      |       |     2 |    11 |    38 |    48 |     2 ||   101
       Vampiric Draining |       |     3 |    10 |    63 |   178 |    29 ||   283
       Corpse Rot        |       |       |       |     7 |     5 |       ||    12
       Borgnjor's Vile C |       |       |       |    18 |    54 |    27 ||    99
       Dispel Undead     |       |       |       |    18 |    44 |       ||    62
       Excruciating Woun |       |       |       |     7 |    61 |    16 ||    84
       Apportation       |       |       |       |       |     4 |     3 ||     7
       Death Channel     |       |       |       |       |     3 |    17 ||    20
Invok: Receive Corpses   |       |       |       |     1 |    10 |       ||    11
       Receive Necronomi |       |       |       |       |     1 |       ||     1
Evoke: Wand              |       |       |     1 |     4 |     3 |       ||     8
  Use: Scroll            |       |       |     9 |     7 |    11 |     3 ||    30
 Stab: Sleeping          |     2 |       |       |     2 |    11 |     2 ||    17
       Distracted        |       |       |       |     8 |    11 |     4 ||    23
Armor: Robe              |     9 |       |       |       |       |       ||     9
       Leather armour    |       |     9 |    21 |    53 |       |       ||    83
       Ring mail         |       |       |    47 |   143 |   670 |   101 ||   961
Dodge: Dodged            |    16 |    13 |   135 |   350 |   910 |   146 ||  1570
       Deflected         |       |       |     4 |     3 |       |       ||     7
Block: Buckler           |       |       |    43 |   114 |   456 |       ||   613
       Reflection        |       |       |       |       |    18 |    29 ||    47
       Shield            |       |       |       |       |    17 |   171 ||   188
